 Dungeon Crawl Stone Soup version 0.30.1-11-g7821555f0a (webtiles) character file.

Game seed: 6573733412398873866

70 Dordric the Chopper (level 4, 0/58 HPs)
             Began as a Hill Orc Fighter on Nov 2, 2023.
             Slain by Sigmund
             ... wielding a +0 scythe
              (8 damage)
             ... on level 2 of the Dungeon.
             The game lasted 00:01:17 (1324 turns).

Dordric the Chopper (Hill Orc Fighter)              Turns: 1324, Time: 00:01:17

Health: 0/58       AC: 22    Str: 20    XL:     4   Next: 22%
Magic:  4/4        EV:  2    Int:  8    God:
Gold:   64         SH:  4    Dex: 10    Spells: 3/3 levels left

rFire   . . .        a - +0 war axe
rCold   . . .        c - +0 buckler
rNeg    . . .        b - melded +0 scale mail
rPois   +            (helmet currently unavailable)
rElec   .            (cloak currently unavailable)
rCorr   .            f - melded +0 pair of gloves
SInv    .            (boots currently unavailable)
Will    .....        i - amulet of faith
Stlth   +            (no ring)
HPRegen 0.29/turn    (no ring)
MPRegen 0.09/turn

%: faith
@: mighty, tree-form
A: stationary, stasis, torment immunity, boosted hp
a: no special abilities


You were on level 2 of the Dungeon.
You were a tree.
You visited 1 branch of the dungeon, and saw 2 of its levels.

You collected 64 gold pieces.

Inventory:

Hand Weapons
 a - a +0 war axe (weapon)
Armour
 b - a +0 scale mail (melded)
 c - a +0 buckler (worn)
 f - a +0 pair of gloves (melded)
Jewellery
 i - an amulet of faith (around neck)
 o - a ring of willpower
Scrolls
 h - a scroll of immolation
 k - 2 scrolls of teleportation {unknown}
 n - 2 scrolls of poison {unknown}
Potions
 e - 3 potions of brilliance {unknown}
 g - a potion of resistance
 l - 2 potions of curing {unknown}
 m - a potion of degeneration {unknown}
 p - a potion of attraction {unknown}


   Skills:
 - Level 3.6 Fighting
 + Level 5.8 Axes
 - Level 3.2 Armour
 - Level 3.2 Shields


You had 3 spell levels left.
You didn't know any spells.
Your spell library was empty.

Dungeon Overview and Level Annotations

Branches:
Dungeon (2/15)

Altars:

Annotations:
D:2 Sigmund


Message History

No target in view!
No target in view!
No target in view!
Something hits you.
You hit something.
You hear a zap.
A puff of flame appears from out of thin air!
The puff of flame hits you.
You hit something but do no damage.
You hear a zap.
A puff of flame appears from out of thin air!
The puff of flame hits you but does no damage.
You hit something.
You hear a zap.
A puff of flame appears from out of thin air!
The puff of flame hits you!
You miss something. Something hits you!
* * * LOW HITPOINT WARNING * * *
You barely miss something. Something hits you.
* * * LOW HITPOINT WARNING * * *
You turn into a tree.
Your +0 pair of gloves melds into your body.
Your +0 scale mail melds into your body.
Your roots penetrate the ground.
Something hits you but does no damage.
You feel very mighty all of a sudden. Something hits you.
* * * LOW HITPOINT WARNING * * *
You cannot move.
You cannot move.
You cannot move.
You cannot move.
You cannot move.
You cannot move.
You cannot move.
You cannot move.
You cannot move.
You slash something! You miss something. Something hits you but does no damage.
You miss something. Something hits you!
You die...

######.#.# #.#.##.#
#........# #†#.##.####
#.####.#####.#........
#.....#.#.#######
#.###.#.#.#
#.####.###.#.#.#
.............#.#
#.#####.##.....#
#...{♣..########
#######.# #.# ###


There were no monsters in sight!

Vanquished Creatures
  2 adders (D:2)
  A gnoll (D:1)
  A worm (D:2)
  2 dart slugs
  3 ball pythons (D:1)
  6 endoplasms (D:2)
  2 giant cockroaches (D:1)
  3 hobgoblins
  3 kobolds (D:2)
  3 quokkas
  A bat (D:1)
  2 frilled lizards
  3 goblins
  A rat (D:2)
33 creatures vanquished.

Notes
Turn   | Place    | Note
-------+----------+-------------------------------------------
     0 | D:1      | Dordric the Hill Orc Fighter began the quest for the Orb.
     0 | D:1      | Reached XP level 1. HP: 19/19 MP: 1/1
    57 | D:1      | Reached skill level 3 in Axes
   350 | D:1      | Reached XP level 2. HP: 26/26 MP: 2/2
   368 | D:1      | Reached skill level 4 in Axes
   625 | D:1      | Reached XP level 3. HP: 31/31 MP: 3/3
   892 | D:2      | Reached skill level 5 in Axes
  1051 | D:2      | Reached XP level 4. HP: 31/39 MP: 4/4
  1312 | D:2      | Noticed Sigmund
  1324 | D:2      | Slain by Sigmund

Illustrated notes

Levels and vault maps discovered:
D:1:      minmay_arrival_stair_chambers, layout_basic,
          hangedman_decor_peaks_small
D:2:      layout_basic, dk_noncrumbling_3, uniq_sigmund

Skill      XL: |  1  2  3 |
---------------+----------+-----
Axes           | 3 4 5 |  5.8
Fighting       | |  3.6
Armour         | |  3.2
Shields        | |  3.2

Action                     |  1- 3 |  4- 6 || total
---------------------------+-------+-------++-------
  Melee: War axe           |    76 |    28 ||   104
    Use: Scroll            |     3 |       ||     3
         Potion            |       |     2 ||     2
 Armour: Scale mail        |    37 |     6 ||    43
         Skin              |       |     2 ||     2
  Dodge: Dodged            |    35 |     4 ||    39
  Block: Buckler           |    10 |     7 ||    17
